 Dungeon Crawl Stone Soup version 0.31.0-9-g3a7656b989 (webtiles) character file.

Game seed: 4488264783546360680

65 qw the Shooter (level 3, 0/18 HPs)
             Began as a Spriggan Hunter on Feb 2, 2024.
             Constricted to death by a ball python (1 damage)
             ... on level 2 of the Dungeon.
             The game lasted 00:00:02 (1039 turns).

qw the Shooter (Spriggan Hunter)                    Turns: 1039, Time: 00:00:03

Health: 0/18       AC:  2    Str:  7    XL:     3   Next: 94%
Magic:  4/4        EV: 16    Int: 10    God:
Gold:   85         SH:  0    Dex: 20    Spells: 2/2 levels left

rFire   . . .        a - +0 shortbow
rCold   . . .        (shield currently unavailable)
rNeg    . . .        c - +0 robe
rPois   .            (helmet restricted)
rElec   .            (no cloak)
rCorr   .            (gloves unavailable)
SInv    +            (boots unavailable)
Will    .....        (no amulet)
Stlth   ++           (no ring)
HPRegen 0.23/turn    (no ring)
MPRegen 0.09/turn

%: no passive effects
@: lethally poisoned (0 -> -3), constricted, very quick
A: very small, no large weapons, unfitting armour, see invisible, speed 3
a: no special abilities


You were on level 2 of the Dungeon.
You visited 1 branch of the dungeon, and saw 2 of its levels.

You collected 85 gold pieces.


Innate Abilities, Weirdness & Mutations

You are very small and have problems with some larger weapons.
You are too small for most types of armour.
You have supernaturally acute eyesight. (SInv)
You cover ground extremely quickly. (Speed+++)


   Skills:
 - Level 1.5 Fighting
 - Level 5.0 Ranged Weapons
 + Level 4.0 Dodging
 - Level 1.5 Stealth


You had 2 spell levels left.
You didn't know any spells.
Your spell library was empty.

Inventory:

Hand Weapons
 a - a +0 shortbow (weapon)
Armour
 c - a +0 robe (worn)
Scrolls
 b - a scroll of fear {unknown}

Dungeon Overview and Level Annotations

Branches:
Dungeon (2/15)

Altars:


Message History

The goblin shouts!
You hear an angry hiss. x3
You hear an angry hiss.
You shoot an arrow. The arrow hits the goblin.
You kill the goblin!
An adder comes into view.
You shoot an arrow. The arrow hits the adder!
The adder is almost dead.
You shoot an arrow. The arrow closely misses the adder.
The adder bites you but does no damage.
An adder comes into view.
The adder bites you.
You are poisoned.
The adder poisons you!
You shoot an arrow. The arrow hits the adder!
You kill the adder!
You feel sick.
A ball python comes into view.
The adder closely misses you.
Your Ranged Weapons skill increases to level 5!
You shoot an arrow. The arrow hits the adder.
The adder is lightly wounded.
You feel sick. The adder completely misses you.
You shoot an arrow. The arrow hits the adder!
The adder is almost dead.
You feel sick. The adder closely misses you. The ball python barely misses you.
The ball python completely misses you. The adder bites you.
You are more poisoned.
The adder poisons you! The ball python misses you. x2
You shoot an arrow. The arrow barely misses the adder.
You feel sick. The adder misses you. The ball python completely misses you.
The ball python grabs you. The ball python constricts you.
You shoot an arrow.
The arrow closely misses the ball python.
You feel sick. The adder bites you but does no damage.
The ball python misses you. The ball python constricts you.
The adder bites you.
You shoot an arrow.
The arrow barely misses the ball python.
You feel sick. The ball python bites you. The ball python constricts you.
You die...

..###..#
#...>....
##.#........
##...##...)...
##...#.. #.....%
###S.)#
#.##...... #.@S#'
..#<..... ##.##
#.##.#... #..#
#..#..... ##.##
##.##.... #).#
###.......#
##.####...#####.#
#..#)..###.# #..
##...###..(####.
+.####.....####


You could see an adder and a ball python.

Vanquished Creatures
  2 adders (D:2)
  A dart slug (D:1)
  2 ribbon worms
  6 bats
  7 endoplasms
  3 giant cockroaches (D:1)
  4 goblins
  2 hobgoblins
  A quokka (D:1)
  2 ball pythons (D:1)
  3 frilled lizards
  6 kobolds
  A rat (D:1)
40 creatures vanquished.

Notes
Turn   | Place    | Note
-------+----------+-------------------------------------------
     0 | D:1      | qw the Spriggan Hunter began the quest for the Orb.
     0 | D:1      | Reached XP level 1. HP: 10/10 MP: 2/2
     0 | D:1      | 0 ||| qw: Version: 0.3-a-155-g5e7d8dd
     0 | D:1      | 0 ||| qw: Game counter: 740
     0 | D:1      | 0 ||| qw: Melee chars always use a shield: true
     0 | D:1      | 0 ||| qw: God list: Okawaru
     0 | D:1      | 0 ||| qw: Allow faded altars: false
     0 | D:1      | 0 ||| qw: Do Orc after clearing Dungeon:15 true
     0 | D:1      | 0 ||| qw: Do second Lair branch before Depths: true
     0 | D:1      | 0 ||| qw: Lair rune preference: random
     0 | D:1      | 0 ||| qw: Goals: Normal
     0 | D:1      | 0 ||| PLANNING D:1-11
    73 | D:1      | Reached skill level 3 in Dodging
   229 | D:1      | Reached XP level 2. HP: 14/14 MP: 3/3
   724 | D:1      | Reached XP level 3. HP: 18/18 MP: 4/4
   826 | D:1      | 826 ||| DROPPING scroll of butterflies.
   930 | D:2      | 930 ||| STAIRDANCE
  1035 | D:2      | Reached skill level 5 in Ranged Weapons
  1038 | D:2      | HP: 3/18 [adder (2)]
  1039 | D:2      | HP: 1/18 [ball python (1)]
  1039 | D:2      | Constricted to death by a ball python

Levels and vault maps discovered:
D:1:      co_arrival_square_in_a_square_in_a_square, layout_basic,
          minmay_domino_2
D:2:      minmay_skewed_foursquare, layout_rooms, serial_bayou_pond_e

Skill      XL: |  1  2  3 |
---------------+----------+-----
Dodging        | 3 4 |  4.0
Ranged Weapons | 5 |  5.0
Fighting       | |  1.5
Stealth        | |  1.5

Action                     || total
---------------------------++-------
   Fire: Shortbow          ||    84
 Armour: Robe              ||     8
  Dodge: Dodged            ||    30

Table legend:
 A = Non-vault XP
 B = Vault XP
 C = Vault XP percentage of total XP
 D = Non-vault monster count
 E = Vault monster count
 F = Vault count percentage of total count
                 A         B        C        D         E       F
            +---------+---------+-------+---------+---------+-------
      Total |      88 |       6 |   6.4 |      37 |       3 |   7.5
            +---------+---------+-------+---------+---------+-------
        D:1 |      45 |       4 |   8.2 |      24 |       2 |   7.7
        D:2 |      43 |       2 |   4.4 |      13 |       1 |   7.1
            +---------+---------+-------+---------+---------+-------
